TOP OF THE 1ST |
Durham Rapiers batting - Pitching for Tacoma Fur Traders : RHP Mal Adams
|
Pitching: RHP Mal Adams
|
|
Batting: LHB Alberto Garza
|
0-0: SINGLE (Line Drive, 5D)
|
Batting: SHB Anthony Hopkins
|
0-0: Ball 1-0: Foul Ball, location: 2F 1-1: Called Strike 1-2: Ball 2-2: Ball 3-2: Base on Balls Alberto Garza to second
|
Batting: RHB Jesús Cisneros
|
0-0: Ball 1-0: Foul Ball, location: 2F 1-1: Foul Ball, location: 2F 1-2: SINGLE (Groundball, 4S) (infield hit) Alberto Garza to third Anthony Hopkins to second
|
Batting: RHB Armando Chamú
|
0-0: Ball 1-0: Called Strike 1-1: Ball 2-1: Foul Ball, location: 2F 2-2: Foul Ball, location: 2F 2-2: GRAND SLAM HOME RUN (Flyball, 89D), Distance : 417 ft
|
Batting: RHB Jules Winnfield
|
0-0: Foul Ball, location: 2F 0-1: Foul Ball, location: 2F 0-2: Strikes out swinging
|
Batting: RHB Ignacio Hernández
|
0-0: Called Strike 0-1: Called Strike 0-2: SINGLE (Flyball, 9LS)
|
Batting: RHB Raúl Moreno
|
0-0: Called Strike Ignacio Hernández steals 2nd base 0-1: Ball 1-1: Fly out, F8 (Flyball, 8LM)
|
Batting: SHB Wenceslas Holbeche
|
0-0: Foul Ball, location: 2F 0-1: Ball Passed Ball! Ignacio Hernández to third 1-1: Fly out, F9 (Line Drive, 9)
|
Top of the 1st over - 4 runs, 4 hits, 0 errors, 1 left on base; Durham 4 - Tacoma 0 |
BOTTOM OF THE 1ST |
Tacoma Fur Traders batting - Pitching for Durham Rapiers : RHP Quinton Richards
|
Pitching: RHP Quinton Richards
|
|
Batting: LHB Ernesto Sánchez
|
0-0: Ball 1-0: Foul Ball, location: 2F 1-1: Called Strike 1-2: Ball 2-2: Ground out 4-3 (Groundball, 4S)
|
Batting: RHB Roberto Aguirre
|
0-0: Ball 1-0: Foul Ball, location: 2F 1-1: Ball 2-1: Foul Ball, location: 2F 2-2: Ground out 6-3 (Groundball, 6)
|
Batting: RHB Trevor O'Herlihy
|
0-0: Called Strike 0-1: Ball 1-1: Ball 2-1: Ball 3-1: Fly out, F8 (Line Drive, 8LXD)
|
Bottom of the 1st over - 0 runs, 0 hits, 0 errors, 0 left on base; Durham 4 - Tacoma 0 |
TOP OF THE 2ND |
Durham Rapiers batting - Pitching for Tacoma Fur Traders : RHP Mal Adams
|
Batting: RHB Júlio Gonzáles
|
0-0: Called Strike 0-1: Ball 1-1: Swinging Strike 1-2: Ball 2-2: Strikes out swinging
|
Batting: LHB Alberto Garza
|
0-0: Ball 1-0: Foul Ball, location: 2F 1-1: SINGLE (Line Drive, 34D)
|
Batting: SHB Anthony Hopkins
|
0-0: Swinging Strike 0-1: Ball 1-1: Ball 2-1: Foul Ball, location: 2F 2-2: Ball 3-2: Base on Balls Alberto Garza to second
|
Batting: RHB Jesús Cisneros
|
0-0: Ball Alberto Garza steals 3rd base Anthony Hopkins to second 1-0: Fly out, F4 (Line Drive, 4M)
|
Batting: RHB Armando Chamú
|
0-0: Ball 1-0: Ball 2-0: Ball 3-0: Called Strike 3-1: Base on Balls
|
Batting: RHB Jules Winnfield
|
0-0: Swinging Strike 0-1: Ball 1-1: Ball 2-1: Called Strike 2-2: Strikes out swinging
|
Top of the 2nd over - 0 runs, 1 hit, 0 errors, 3 left on base; Durham 4 - Tacoma 0 |
BOTTOM OF THE 2ND |
Tacoma Fur Traders batting - Pitching for Durham Rapiers : RHP Quinton Richards
|
Batting: RHB Gustavo González
|
0-0: Fly out, F7 (Flyball, 7S)
|
Batting: SHB Dave Gant
|
0-0: Ball 1-0: Ball 2-0: Foul Ball, location: 2F 2-1: Called Strike 2-2: Fly out, F9 (Line Drive, 9)
|
Batting: RHB Chad Silander
|
0-0: Called Strike 0-1: Ball 1-1: Foul Ball, location: 2F 1-2: Ball 2-2: DOUBLE (Line Drive, 7LM)
|
Batting: RHB David Tineo
|
0-0: DOUBLE (Flyball, 78D) Chad Silander scores
|
Batting: RHB Jonathan Barnett
|
0-0: Called Strike 0-1: Ground out 6-3 (Groundball, 6)
|
Bottom of the 2nd over - 1 run, 2 hits, 0 errors, 1 left on base; Durham 4 - Tacoma 1 |
TOP OF THE 3RD |
Durham Rapiers batting - Pitching for Tacoma Fur Traders : RHP Mal Adams
|
Batting: RHB Ignacio Hernández
|
0-0: Ball 1-0: Called Strike 1-1: Fly out, F7 (Flyball, 7LM)
|
Batting: RHB Raúl Moreno
|
0-0: Ball 1-0: Ball 2-0: Fly out, F8 (Flyball, 8RS)
|
Batting: SHB Wenceslas Holbeche
|
0-0: DOUBLE (Flyball, 8LXD)
|
Batting: RHB Júlio Gonzáles
|
0-0: Ball 1-0: Ball 2-0: Foul Ball, location: 2F 2-1: Ball 3-1: Foul Ball, location: 2F 3-2: Ground out 4-3 (Groundball, 4)
|
Top of the 3rd over - 0 runs, 1 hit, 0 errors, 1 left on base; Durham 4 - Tacoma 1 |
BOTTOM OF THE 3RD |
Tacoma Fur Traders batting - Pitching for Durham Rapiers : RHP Quinton Richards
|
Batting: RHB Luis Flores
|
0-0: Foul Ball, location: 2F 0-1: Called Strike 0-2: Ball 1-2: SINGLE (Flyball, 78S)
|
Batting: LHB Ernesto Sánchez
|
0-0: Fly out, F9 (Flyball, 9D)
|
Batting: RHB Roberto Aguirre
|
0-0: Foul Ball, location: 2F 0-1: Ball 1-1: Ball 2-1: SINGLE (Groundball, 4MD) Luis Flores to second Runner from 2nd tries for 3rd, SAFE, no throw
|
Batting: RHB Trevor O'Herlihy
|
0-0: Ground out U3 (Groundball, 34S) Luis Flores scores Roberto Aguirre to second
|
Batting: RHB Gustavo González
|
0-0: Ball 1-0: Fly out, F9 (Flyball, 9S)
|
Bottom of the 3rd over - 1 run, 2 hits, 0 errors, 1 left on base; Durham 4 - Tacoma 2 |
TOP OF THE 4TH |
Durham Rapiers batting - Pitching for Tacoma Fur Traders : RHP Mal Adams
|
Batting: LHB Alberto Garza
|
0-0: Ground out 6-3 (Groundball, 4MD)
|
Batting: SHB Anthony Hopkins
|
0-0: Called Strike 0-1: Foul Ball, location: 2F 0-2: Ball 1-2: Ground out 1-3 (Groundball, P)
|
Batting: RHB Jesús Cisneros
|
0-0: Called Strike 0-1: Ball 1-1: SINGLE (Groundball, 6MD)
|
Batting: RHB Armando Chamú
|
0-0: Ball 1-0: Ball 2-0: Called Strike 2-1: SINGLE (Flyball, 78S) Jesús Cisneros to second
|
Batting: RHB Jules Winnfield
|
0-0: Foul Ball, location: 2F 0-1: Ball 1-1: Ball 2-1: Foul Ball, location: 2F 2-2: Ball Wild Pitch! Jesús Cisneros to third Armando Chamú to second 3-2: Foul Ball, location: 2F 3-2: Base on Balls
|
Batting: RHB Ignacio Hernández
|
0-0: Ball 1-0: Called Strike 1-1: Foul Ball, location: 2F 1-2: SINGLE (Groundball, 6D) Jesús Cisneros scores Armando Chamú to third Jules Winnfield to second Runner from 3rd tries for Home, SAFE, no throw
|
Batting: RHB Raúl Moreno
|
0-0: Foul Ball, location: 2F 0-1: Ball 1-1: Foul Ball, location: 2F 1-2: Ball 2-2: SINGLE (Line Drive, 6D) Jules Winnfield to third Ignacio Hernández to second
|
Batting: SHB Wenceslas Holbeche
|
0-0: Ball 1-0: Ground out 1-3 (Groundball, 15S)
|
Top of the 4th over - 2 runs, 4 hits, 0 errors, 3 left on base; Durham 6 - Tacoma 2 |
BOTTOM OF THE 4TH |
Tacoma Fur Traders batting - Pitching for Durham Rapiers : RHP Quinton Richards
|
Batting: SHB Dave Gant
|
0-0: Ball 1-0: Ball 2-0: Called Strike 2-1: Called Strike 2-2: Ball 3-2: Foul Ball, location: 2F 3-2: Ground out 4-3 (Groundball, 4)
|
Batting: RHB Chad Silander
|
0-0: Called Strike 0-1: Reached via error on a dropped throw, E1
|
Batting: RHB David Tineo
|
0-0: Ball 1-0: Ball 2-0: Foul Ball, location: 2F 2-1: Swinging Strike 2-2: Strikes out swinging
|
Batting: RHB Jonathan Barnett
|
0-0: Ball 1-0: SINGLE (Flyball, 9S) Chad Silander to second Runner from 2nd tries for 3rd, SAFE, no throw
|
Batting: RHB Luis Flores
|
0-0: Ball 1-0: Called Strike 1-1: Foul Ball, location: 2F 1-2: Reached on error, E4 (Groundball, 34) Chad Silander scores Jonathan Barnett to second
|
Batting: LHB Ernesto Sánchez
|
0-0: Ball 1-0: Foul Ball, location: 2F 1-1: Called Strike 1-2: Fly out, F9 (Flyball, 9)
|
Bottom of the 4th over - 1 run, 1 hit, 2 errors, 2 left on base; Durham 6 - Tacoma 3 |
TOP OF THE 5TH |
Durham Rapiers batting - Pitching for Tacoma Fur Traders : RHP Mal Adams
|
Batting: RHB Júlio Gonzáles
|
0-0: Ball 1-0: Foul Ball, location: 2F 1-1: Ball 2-1: Swinging Strike 2-2: Foul Ball, location: 2F 2-2: Ball 3-2: Foul Ball, location: 2F 3-2: Foul Ball, location: 2F 3-2: Base on Balls
|
Batting: LHB Alberto Garza
|
0-0: Ball 1-0: Sac Bunt - play at second, runner OUT! 1-6
|
Batting: SHB Anthony Hopkins
|
0-0: Ball 1-0: Foul Ball, location: 2F 1-1: Called Strike 1-2: Ground out 5-3 (Groundball, 56S) Alberto Garza to second
|
Batting: RHB Jesús Cisneros
|
0-0: Ball 1-0: Ball Passed Ball! Alberto Garza to third 2-0: Called Strike 2-1: Ground out 4-3 (Groundball, 4)
|
Top of the 5th over - 0 runs, 0 hits, 0 errors, 1 left on base; Durham 6 - Tacoma 3 |
BOTTOM OF THE 5TH |
Tacoma Fur Traders batting - Pitching for Durham Rapiers : RHP Quinton Richards
|
Batting: RHB Roberto Aguirre
|
0-0: Ball 1-0: Ball 2-0: Foul Ball, location: 2F 2-1: Foul Ball, location: 2F 2-2: Fly out, F4 (Popup, 4)
|
Batting: RHB Trevor O'Herlihy
|
0-0: Ball 1-0: Ball 2-0: Fly out, F9 (Flyball, 9S)
|
Batting: RHB Gustavo González
|
0-0: Ball 1-0: Called Strike 1-1: Foul Ball, location: 2F 1-2: Fly out, F5 (Popup, 25)
|
Bottom of the 5th over - 0 runs, 0 hits, 0 errors, 0 left on base; Durham 6 - Tacoma 3 |
TOP OF THE 6TH |
Durham Rapiers batting - Pitching for Tacoma Fur Traders : RHP Mal Adams
|
Batting: RHB Armando Chamú
|
0-0: SINGLE (Groundball, 56D)
|
Pitching: LHP Luis Ruíz
|
|
Batting: RHB Jules Winnfield
|
0-0: Ball 1-0: Ball 2-0: Foul Ball, location: 2F 2-1: Fly out, F4 (Flyball, 4D)
|
Batting: RHB Ignacio Hernández
|
0-0: Ball 1-0: Ball 2-0: Ball 3-0: Called Strike 3-1: Base on Balls Armando Chamú to second
|
Batting: RHB Raúl Moreno
|
0-0: Ball 1-0: Ball Wild Pitch! Armando Chamú to third Ignacio Hernández to second 2-0: Ball 3-0: Called Strike 3-1: Base on Balls
|
Batting: SHB Wenceslas Holbeche
|
0-0: Called Strike 0-1: Called Strike 0-2: Grounds into fielders choice 3-2 (Groundball, 34S) Ignacio Hernández to third Raúl Moreno to second
|
Batting: RHB Júlio Gonzáles
|
0-0: Ball 1-0: Ball 2-0: Called Strike 2-1: Ground out 5-3 (Groundball, 56)
|
Top of the 6th over - 0 runs, 1 hit, 0 errors, 3 left on base; Durham 6 - Tacoma 3 |
BOTTOM OF THE 6TH |
Tacoma Fur Traders batting - Pitching for Durham Rapiers : RHP Quinton Richards
|
Batting: SHB Dave Gant
|
0-0: Ground out 4-3 (Groundball, 4)
|
Batting: RHB Chad Silander
|
0-0: Fly out, F7 (Flyball, 7)
|
Batting: RHB David Tineo
|
0-0: Called Strike 0-1: Called Strike 0-2: Ball 1-2: Ball 2-2: Ball 3-2: Ground out 5-3 (Groundball, 56)
|
Bottom of the 6th over - 0 runs, 0 hits, 0 errors, 0 left on base; Durham 6 - Tacoma 3 |
TOP OF THE 7TH |
Durham Rapiers batting - Pitching for Tacoma Fur Traders : LHP Luis Ruíz
|
Batting: LHB Alberto Garza
|
0-0: Foul Ball, location: 2F 0-1: Ball 1-1: Ball 2-1: Ball 3-1: Called Strike 3-2: Strikes out swinging
|
Batting: SHB Anthony Hopkins
|
0-0: Swinging Strike 0-1: Ball 1-1: Ground out 6-3 (Groundball, 6)
|
Batting: RHB Jesús Cisneros
|
0-0: Ball 1-0: Foul Ball, location: 2F 1-1: Swinging Strike 1-2: Ball 2-2: Ball 3-2: Ground out 4-3 (Groundball, 4)
|
Top of the 7th over - 0 runs, 0 hits, 0 errors, 0 left on base; Durham 6 - Tacoma 3 |
BOTTOM OF THE 7TH |
Tacoma Fur Traders batting - Pitching for Durham Rapiers : RHP Quinton Richards
|
Batting: RHB Jonathan Barnett
|
0-0: Ball 1-0: Ball 2-0: Ball 3-0: Base on Balls
|
Batting: RHB Luis Flores
|
0-0: Ball 1-0: Called Strike 1-1: Ball 2-1: Called Strike 2-2: Strikes out swinging
|
Batting: LHB Ernesto Sánchez
|
0-0: Called Strike 0-1: Ball 1-1: Foul Ball, location: 2F 1-2: Ball 2-2: Ball 3-2: Base on Balls Jonathan Barnett to second
|
Batting: RHB Roberto Aguirre
|
0-0: Ball Jonathan Barnett steals 3rd base Ernesto Sánchez to second 1-0: Called Strike 1-1: 3-RUN HOME RUN (Flyball, 7LD), Distance : 389 ft
|
Pitching: LHP John Hartley
|
|
Batting: RHB Trevor O'Herlihy
|
0-0: Ball 1-0: Ball 2-0: Ball 3-0: Called Strike 3-1: Called Strike 3-2: Foul Ball, location: 2F 3-2: Strikes out looking
|
Batting: RHB Gustavo González
|
0-0: Ball 1-0: Foul Ball, location: 2F 1-1: Ground out 5-3 (Groundball, 5)
|
Bottom of the 7th over - 3 runs, 1 hit, 0 errors, 0 left on base; Durham 6 - Tacoma 6 |
TOP OF THE 8TH |
Durham Rapiers batting - Pitching for Tacoma Fur Traders : LHP Luis Ruíz
|
Batting: RHB Armando Chamú
|
0-0: Ground out 6-3 (Groundball, 6)
|
Batting: RHB Jules Winnfield
|
0-0: Ball 1-0: Ball 2-0: Called Strike 2-1: Called Strike 2-2: Ball 3-2: SINGLE (Groundball, 4D)
|
Pinch Runner at 1st Tomás Duarte:
|
|
Pinch Hitting: RHB Vincent Klein
|
0-0: Called Strike Tomás Duarte steals 2nd base 0-1: DOUBLE (Line Drive, 7LM) Tomás Duarte scores
|
Batting: RHB Raúl Moreno
|
0-0: Intentional Walk
|
Pinch Hitting: RHB Terry Loyd
|
0-0: Called Strike 0-1: Foul Ball, location: 2F 0-2: Strikes out swinging
|
Batting: RHB Júlio Gonzáles
|
0-0: Foul Ball, location: 2F 0-1: Ball 1-1: Foul Ball, location: 2F 1-2: Foul Ball, location: 2F 1-2: Ball 2-2: Ball 3-2: Foul Ball, location: 2F 3-2: Foul Ball, location: 2F 3-2: Hit by Pitch Vincent Klein to third Raúl Moreno to second
|
Pinch Hitting: RHB Marcos Martínez
|
0-0: Foul Ball, location: 2F 0-1: Called Strike 0-2: Ball 1-2: Fly out, F4 (Popup, 34S)
|
Top of the 8th over - 1 run, 2 hits, 0 errors, 3 left on base; Durham 7 - Tacoma 6 |
BOTTOM OF THE 8TH |
Tacoma Fur Traders batting - Pitching for Durham Rapiers : LHP John Hartley
|
Now at 1B: Vincent Klein
|
|
Now at 2B: Carlos Perea
|
|
Now in CF: Terry Loyd
|
|
Now in RF: Tomás Duarte
|
|
Batting: SHB Dave Gant
|
0-0: Called Strike 0-1: Ball 1-1: SINGLE (Line Drive, 56D)
|
Pitching: RHP Javier Hernández
|
|
Batting: RHB Chad Silander
|
0-0: Bunted foul 0-1: Bunted foul 0-2: Strikes out swinging
|
Batting: RHB David Tineo
|
0-0: Swinging Strike 0-1: Ball 1-1: Called Strike 1-2: Strikes out looking
|
Batting: RHB Jonathan Barnett
|
0-0: Ball 1-0: Ground out 4-3 (Groundball, 4)
|
Bottom of the 8th over - 0 runs, 1 hit, 0 errors, 1 left on base; Durham 7 - Tacoma 6 |
TOP OF THE 9TH |
Durham Rapiers batting - Pitching for Tacoma Fur Traders : LHP Luis Ruíz
|
Pitching: RHP Trevor Brohard
|
|
Batting: SHB Anthony Hopkins
|
0-0: Foul Ball, location: 2F 0-1: Called Strike 0-2: Reached on error, E4 (Groundball, 4D)
|
Batting: RHB Jesús Cisneros
|
0-0: Ball 1-0: Ball 2-0: Ball 3-0: Base on Balls Anthony Hopkins to second
|
Batting: RHB Armando Chamú
|
0-0: Ball 1-0: Fly out, F5 (Popup, 5S)
|
Pinch Hitting: LHB Dante Aristizabal
|
0-0: Called Strike 0-1: Ball 1-1: Fielders Choice at 2nd, 3-6 (Groundball, 3) Anthony Hopkins to third
|
Batting: RHB Vincent Klein
|
0-0: Called Strike 0-1: Swinging Strike 0-2: Ball 1-2: Ball 2-2: Ball 3-2: Base on Balls Dante Aristizabal to second
|
Batting: RHB Raúl Moreno
|
0-0: Foul Ball, location: 2F 0-1: Foul Ball, location: 2F 0-2: Fly out, F5 (Line Drive, 5L)
|
Top of the 9th over - 0 runs, 0 hits, 1 error, 3 left on base; Durham 7 - Tacoma 6 |
BOTTOM OF THE 9TH |
Tacoma Fur Traders batting - Pitching for Durham Rapiers : RHP Javier Hernández
|
Pitching: LHP Ricardo Ruíz
|
|
Now in RF: Dante Aristizabal
|
|
Batting: RHB Luis Flores
|
0-0: Swinging Strike 0-1: Ground out 5-3 (Groundball, 5L)
|
Batting: LHB Ernesto Sánchez
|
0-0: Ball 1-0: Called Strike 1-1: Ball 2-1: Swinging Strike 2-2: Strikes out swinging
|
Batting: RHB Roberto Aguirre
|
0-0: Ball 1-0: Foul Ball, location: 2F 1-1: Called Strike 1-2: Strikes out swinging
|
Bottom of the 9th over - 0 runs, 0 hits, 0 errors, 0 left on base; Durham 7 - Tacoma 6 |
|